 Dungeon Crawl Stone Soup version 0.30-a0-613-gdd512c7efb (webtiles) character file.

Game seed: 13588074804988980863

53447 acebull12 the Warrior (level 14, -10/140 HPs)
             Began as a Minotaur Monk on Jan 9, 2023.
             Was the Champion of Okawaru.
             Mangled by an alligator (19 damage)
             ... on level 2 of the Swamp.
             The game lasted 00:52:14 (21669 turns).

acebull12 the Warrior (Minotaur Monk)              Turns: 21669, Time: 00:52:15

Health: -10/140    AC: 16    Str: 25    XL:     14   Next: 30%
Magic:  19/28      EV: 16    Int:  7    God:    Okawaru [******]
Gold:   1228       SH: 11    Dex: 18    Spells: 13/13 levels left

rFire   + . .      SeeInvis .    r - +7 spear of Havoc {flame, Dex+3}
rCold   . . .      Faith    .    w - +0 kite shield
rNeg    . . .      Spirit   .    D - +2 ring mail {rPois}
rPois   +          Reflect  .    (helmet restricted)
rElec   .          Harm     .    N - +0 cloak "Xasitrivue" {rF+ MP+9 Stlth-}
rCorr   .          Rampage  .    M - +2 pair of gloves {infuse}
Will    +....                    x - +0 pair of boots
Stlth   ++                       (no amulet)
HPRegen 0.43/turn                t - +6 ring of strength
MPRegen 0.21/turn                k - ring of flight

@: flying
A: horns 2, retaliatory headbutt
a: Renounce Religion, Heroism, Finesse, Duel


You were on level 2 of the Swamp.
You worshipped Okawaru.
Okawaru was exalted by your worship.
You visited 4 branches of the dungeon, and saw 18 of its levels.
You also visited: Bailey.

You collected 1228 gold pieces.

Inventory:

Hand Weapons
 g - a +3 broad axe
 r - the +7 spear of Havoc (weapon) {flame, Dex+3}
   (You found it on level 3 of the Dungeon)

   Dex:       It affects your dexterity (+3).
 U - a +5 long sword of holy wrath
Missiles
 e - 111 stones (quivered)
 l - 4 throwing nets
Armour
 p - the +2 robe of Kiosados {rN+++ Will-}
   (You found it on level 6 of the Dungeon)

   rN:        It renders you almost immune to negative energy.
   Will:      It decreases your willpower.
 w - a +0 kite shield (worn)
 x - a +0 pair of boots (worn)
 D - a +2 ring mail of poison resistance (worn)
 I - +0 steam dragon scales
 M - a +2 pair of gloves of infusion (worn)
 N - the +0 cloak "Xasitrivue" (worn) {rF+ MP+9 Stlth-}
   (Okawaru gifted it to you on level 3 of the Lair of Beasts)

   rF:        It protects you from fire.
   MP:        It affects your magic capacity (+9).
   Stlth:     It makes you less stealthy.
Jewellery
 b - a ring of protection from cold
 j - the ring "Eqes" {rCorr Str+3}
   (You found it on level 2 of the Dungeon)

   [ring of resist corrosion]

   Str:       It affects your strength (+3).
   rCorr:     It protects you from acid and corrosion.
 k - a ring of flight (right hand)
 s - a ring of protection from cold
 t - a +6 ring of strength (left hand)
 B - a ring of resist corrosion
 K - a ring of fire
 O - a ring of willpower
 R - a +6 ring of intelligence
Wands
 m - a wand of quicksilver (15)
 z - a wand of iceblast (33)
 E - a wand of flame (10)
 Q - a wand of mindburst (6)
Scrolls
 a - a scroll of vulnerability {unknown}
 d - a scroll of poison
 h - a scroll of butterflies {unknown}
 u - 10 scrolls of teleportation
 y - 4 scrolls of enchant weapon
 A - 4 scrolls of fog {unknown}
 F - 3 scrolls of magic mapping
 H - a scroll of enchant armour {unknown}
 J - a scroll of amnesia
 P - a scroll of torment {unknown}
Potions
 c - a potion of ambrosia
 f - 3 potions of magic
 i - 2 potions of mutation
 n - 11 potions of curing
 o - 4 potions of attraction
 q - 4 potions of flight
 v - 2 potions of brilliance {unknown}
 C - 4 potions of lignification {unknown}
 G - 3 potions of might {unknown}
Miscellaneous
 S - a condenser vane
 T - a phial of floods


   Skills:
 * Level 17.2 Fighting
 + Level 5.8 Long Blades
 - Level 12.0 Polearms
 + Level 0.1 Throwing
 + Level 11.2 Armour
 + Level 10.7 Dodging
 + Level 5.6 Stealth
 - Level 8.0 Shields
 * Level 9.1 Invocations


You had 13 spell levels left.
You didn't know any spells.
Your spell library contained the following spells:

 Spells                   Type           Power      Damage    Failure   Level
 Apportation              Tloc           0%         N/A       85%         1
 Necrotise                Necr           0%         1d4       85%         1
 Shock                    Conj/Air       0%         1d3       85%         1
 Slow                     Hex            0%         N/A       85%         1
 Scorch                   Fire           0%         2d5       94%         2
 Confusing Touch          Hex            0%         N/A       99%         3
 Inner Flame              Hex/Fire       0%         N/A       99%         3
 Swiftness                Air            0%         N/A       99%         3
 Vampiric Draining        Necr           0%         2d6       99%         3
 Airstrike                Air            0%         2d(0-16)  100%        4
 Flame Wave               Conj/Fire      0%         2d4       100%        4
 Petrify                  Tmut/Erth      0%         N/A       100%        4
 Sticky Flame             Conj/Fire      0%         2d3       100%        4
 Metabolic Englaciation   Hex/Ice        0%         N/A       100%        5
 Statue Form              Tmut/Erth      0%         N/A       100%        6
 Summon Small Mammal      Summ           Unusable   N/A       N/A         1
 Summon Cactus Giant      Summ           Unusable   N/A       N/A         6

Dungeon Overview and Level Annotations

Branches:
Dungeon (10/15)            Temple (1/1) D:7            Lair (5/5) D:9
  Swamp (2/4) Lair:2       Spider (0/4) Lair:3        Slime (0/5) Lair:4
 Bailey (visited)
    Orc: D:9-12

Altars:
Ashenzari
Cheibriados
Dithmenos
Elyvilon
Fedhas
Gozag
Hepliaklqana
Kikubaaqudgha
Makhleb
Nemelex Xobeh
Okawaru
Qazlal
Ru
Sif Muna
Trog
Uskayaw
Vehumet
Wu Jian
Xom
Yredelemnul
Zin
The Shining One
Jiyva
Lugonu

Shops:
D:1 (   D:4 *   D:6 [   D:7 ?

Portals:
Abyss: Lair:5

Annotations:
D:2 1 runed translucent door, Crazy Yiuf
D:3 3 runed translucent doors, oldriver's ghost, amateur TeWn; spardeous's ghost, amateur FeEE
D:10 3 runed translucent doors, pigah's ghost, journeyman OpWn


Innate Abilities, Weirdness & Mutations

You have a pair of horns on your head.
You reflexively headbutt those who attack you in melee.


Message History

The tyrant leech bites you!!!
The tyrant leech draws strength from your injuries!
You are too injured to fight recklessly!
You are too injured to fight recklessly!
You are too injured to fight recklessly!
You closely miss the tyrant leech. You miss the tyrant leech.
You headbutt the tyrant leech!
The tyrant leech is moderately wounded.
The tyrant leech bites you but does no damage.
The tyrant leech bites you!
The tyrant leech draws strength from your injuries!
You hit the tyrant leech. You burn the tyrant leech.
The tyrant leech is moderately wounded.
The tyrant leech bites you!!!
* * * LOW HITPOINT WARNING * * *
The tyrant leech draws strength from your injuries!
Blink to where?
Press: ? - help, Dir - move target, p - tyrant leech An alligator comes into view.
As you read the scroll of blinking, it crumbles to dust.
You feel better.
The alligator bites you but does no damage.
The alligator tail-slaps you but does no damage.
The alligator barely misses you. You furiously retaliate!
You headbutt the alligator. You block the alligator's attack.
You see here 23 gold pieces.
You block the alligator's attack. x2
The alligator attacks as you move away! The alligator closely misses you.
You furiously retaliate!
You headbutt the alligator!
The alligator tail-slaps you but does no damage.
The four-headed hydra attacks as you move away!
The four-headed hydra barely misses you.
You furiously retaliate!
You headbutt the four-headed hydra! The four-headed hydra bites you.
* * * LOW HITPOINT WARNING * * *
The four-headed hydra bites you but does no damage.
The four-headed hydra bites you.
* * * LOW HITPOINT WARNING * * *
The alligator bites you!!
You die...

.~~~♣~..~..
..)...~.~
♣♣.~~.$..
♣..~~~..♣♣♣
♣.~~~...~♣♣
♣♣~.......♣♣
♣♣~♣§.......♣
♣♣~...@~~~§..♣♣ ♣
♣.<~~~tD~~~~~.♣§.
♣.~~§~~~~~~§~~§..~
♣.~~~~~..~$.~§~~~~
♣~~..♣♣♣.~.~...~~§
♣♣♣♣♣ ♣#..~..~....
> ##..§w....♣♣♣♣♣.
#.~~~.....♣....
#..~~.~~..~~t~~


You could see an alligator, a four-headed hydra and a tyrant leech (strong).

Vanquished Creatures
  An orc warlord (Bailey)
  An eleionoma (Swamp:1)
  A bunyip (Swamp:1)
  6 hydras
  A centaur warrior (D:8)
  A boulder beetle (Lair:2)
  2 alligators
  Urug (Lair:4)
  4 thrashing horrors (Lair:5)
  A pharaoh ant (Lair:3)
  A spriggan druid (Swamp:2)
  A swamp dragon (Swamp:1)
  5 bog bodies
  A lindwurm (Lair:3)
  2 will-o-the-wisps (Swamp:1)
  2 ugly things (Lair:5)
  A salamander (shapeshifter) (Lair:5)
  3 smoke demons (Lair:5)
  8 black mambas
  7 elephants (Lair:5)
  An unseen horror (shapeshifter) (Lair:5)
  6 cane toads
  5 komodo dragons
  A kobold demonologist (D:10)
  A rime drake (Lair:3)
  An ancient zyme (Lair:5)
  A hornet (Swamp:1)
  A troll (D:9)
  3 polar bears
  A tarantella (Lair:3)
  22 blink frogs
  3 tyrant leeches (Swamp:1)
  15 dream sheep
  A jumping spider (Lair:3)
  2 wyverns
  A vampire (D:9)
  A spriggan (Swamp:1)
  32 yaks
  A ynoxinul (Lair:5)
  2 basilisks (Lair:5)
  10 small abominations (Lair:5)
  A chaos spawn (Lair:5)
  A steam dragon (D:8)
  4 vampire mosquitoes (Swamp:1)
  A naga (shapeshifter) (Lair:5)
  8 swamp worms
  2 acid dragons
  17 water moccasins
  A swamp drake (Swamp:1)
  3 black bears
  An ice beast (D:7)
  3 sky beasts
  12 orc warriors
  An ogre (D:5)
  4 boggarts (Lair:4)
  26 wolves
  2 centaurs
  A phantom (D:6)
  10 bullfrogs
  2 necrophages
  3 gnoll sergeants
  11 wights
  An electric eel (Lair:2)
  3 howler monkeys (D:8)
  9 hounds
  3 gnoll boudas
  An orc priest (D:5)
  4 iguanas
  Natasha (thrice) (D:2)
  4 orc wizards (D:5)
  47 gnolls
  8 adders
  A white imp (D:5)
  A worm (D:2)
  2 dart slugs
  36 orcs
  4 bats
  9 endoplasms
  2 giant cockroaches
  12 hobgoblins
  6 jackals
  A quokka (D:1)
  7 ball pythons
  2 frilled lizards (D:3)
  21 goblins
  3 kobolds
  6 rats
  A spectral orc (D:4)
  A butterfly (D:7)
473 creatures vanquished.

Vanquished Creatures (others)
  3 bushes (Lair:5)
  8 foxfires (Swamp:1)
  33 fungi
  44 plants
88 creatures vanquished.

Grand Total: 561 creatures vanquished

Notes
Turn   | Place    | Note
-------+----------+-------------------------------------------
     0 | D:1      | acebull12 the Minotaur Monk began the quest for the Orb.
     0 | D:1      | Reached XP level 1. HP: 19/19 MP: 0/0
     2 | D:1      | Noticed a merfolk
     2 | D:1      | Noticed a demonspawn
     4 | D:1      | Noticed a ghoul
     4 | D:1      | Noticed a vine stalker
     6 | D:1      | Noticed an octopode
     6 | D:1      | Noticed a minotaur
     8 | D:1      | Noticed an ogre
    10 | D:1      | Noticed a meteoran
    10 | D:1      | Noticed a human
    12 | D:1      | Noticed a demigod
    12 | D:1      | Noticed a gargoyle
    14 | D:1      | Noticed an armataur
    14 | D:1      | Noticed an elf
    16 | D:1      | Noticed a tengu
    18 | D:1      | Noticed a naga
    18 | D:1      | Noticed a draconian
    20 | D:1      | Noticed a vampire
    22 | D:1      | Noticed a felid
    22 | D:1      | Noticed a troll
    24 | D:1      | Noticed a spriggan
    24 | D:1      | Noticed a felid
    26 | D:1      | Noticed a human
    26 | D:1      | Noticed a tengu
   111 | D:1      | Reached XP level 2. HP: 22/27 MP: 1/1
   133 | D:1      | Found Huem's Antique Weapon Emporium.
   401 | D:1      | Reached skill level 4 in Fighting
  1024 | D:2      | Reached XP level 3. HP: 32/33 MP: 2/2
  1062 | D:2      | Identified the ring "Eqes" {rCorr Str+3}
  1443 | D:2      | Noticed Natasha
  1454 | D:2      | Killed Natasha
  1455 | D:2      | Reached XP level 4. HP: 27/41 MP: 3/3
  1844 | D:2      | Found a runed translucent door.
  1845 | D:2      | Noticed Crazy Yiuf
  1971 | D:2      | Noticed Natasha
  1985 | D:2      | Killed Natasha
  1986 | D:2      | Reached skill level 1 in Armour
  2111 | D:3      | Reached skill level 5 in Long Blades
  2450 | D:2      | Noticed Natasha
  2458 | D:2      | Killed Natasha
  2459 | D:2      | Reached XP level 5. HP: 23/47 MP: 4/4
  2665 | D:3      | Found a broken altar of Ashenzari.
  2726 | D:3      | Found a runed translucent gate.
  2802 | D:3      | Found an ornate altar of the Wu Jian Council.
  2870 | D:3      | Found a runed translucent gate.
  2871 | D:3      | Found a runed translucent gate.
  2889 | D:3      | Noticed oldriver's ghost (amateur TeWn)
  2889 | D:3      | Noticed spardeous's ghost (amateur FeEE)
  2912 | D:3      | Identified the +1 pair of gloves of Opull {rC+}
  2970 | D:3      | Identified the +7 spear of Havoc {flame, Dex+3}
  3207 | D:4      | Noticed a black bear
  3369 | D:4      | Reached skill level 5 in Fighting
  3415 | D:4      | Found a bloodstained altar of Trog.
  3459 | D:4      | Killed a black bear
  3460 | D:4      | Reached skill level 1 in Polearms
  3460 | D:4      | Reached XP level 6. HP: 56/56 MP: 5/5
  3463 | D:4      | Found Elatiokk's General Store.
  4003 | D:4      | Found a hazy altar of Hepliaklqana.
  4254 | D:5      | Entered Level 5 of the Dungeon
  4393 | D:5      | Reached XP level 7. HP: 60/62 MP: 6/6
  4711 | D:5      | Reached skill level 1 in Shields
  5461 | D:6      | Found a stormy altar of Qazlal.
  5461 | D:6      | Found an iron altar of Okawaru.
  5461 | D:6      | Found a snail-covered altar of Cheibriados.
  5479 | D:6      | Became a worshipper of Warmaster Okawaru
  5479 | D:6      | Reached * piety under Okawaru
  5479 | D:6      | Reached ** piety under Okawaru
  5561 | D:6      | Identified the +2 robe of Kiosados {rN+++ Will-}
  5585 | D:6      | Found a sparkling altar of Nemelex Xobeh.
  5634 | D:6      | Found Jequpn's Antique Armour Boutique.
  5658 | D:6      | Reached skill level 6 in Fighting
  5663 | D:6      | Reached skill level 5 in Polearms
  5747 | D:6      | Reached XP level 8. HP: 70/70 MP: 7/7
  6057 | D:7      | Found Hixyigra's Magic Scroll Emporium.
  6760 | D:7      | Found a staircase to the Ecumenical Temple.
  6845 | D:7      | Reached *** piety under Okawaru
  6942 | D:7      | Identified the +9 dagger of the Ageless Spines {heavy,
                  | Will+}
  7073 | D:7      | Reached skill level 7 in Fighting
  7073 | D:7      | Reached XP level 9. HP: 45/79 MP: 8/8
  7094 | D:7      | Reached skill level 5 in Armour
  7098 | D:7      | Reached skill level 5 in Dodging
  7407 | D:8      | Noticed a centaur warrior
  7657 | D:8      | Found a flagged portal.
  7699 | D:8      | Reached **** piety under Okawaru
  7750 | Bailey   | Entered a bailey
  7921 | Bailey   | Reached skill level 1 in Invocations
  8027 | Bailey   | Reached skill level 5 in Shields
  8210 | Bailey   | Noticed an orc warlord
  8328 | Bailey   | Reached skill level 8 in Fighting
  8343 | Bailey   | Reached ***** piety under Okawaru
  8543 | Bailey   | HP: 1/81 [orc warlord/+3 broad axe (13)]
  8546 | Bailey   | Killed an orc warlord
  8547 | Bailey   | Reached skill level 10 in Polearms
  8547 | Bailey   | Reached XP level 10. HP: 3/90 MP: 10/10
  8920 | Temple   | Entered the Ecumenical Temple
  9591 | D:8      | Received a gift from Okawaru
 10198 | D:8      | Killed a centaur warrior
 10199 | D:8      | Reached skill level 9 in Fighting
 10597 | D:9      | Found a staircase to the Lair.
 11581 | D:10     | Entered Level 10 of the Dungeon
 11639 | D:10     | Noticed a nine-headed hydra
 11639 | D:10     | Noticed pigah's ghost (journeyman OpWn)
 11639 | D:10     | Noticed a 12-headed hydra
 11639 | D:10     | Found a runed translucent gate.
 11639 | D:10     | Found a runed translucent gate.
 11639 | D:10     | Found a runed translucent gate.
 11751 | Lair:1   | Entered Level 1 of the Lair of Beasts
 11817 | Lair:1   | Reached XP level 11. HP: 99/99 MP: 12/12
 11917 | Lair:1   | Found a shadowy altar of Dithmenos.
 12097 | Lair:1   | Received a gift from Okawaru
 12098 | Lair:1   | Reached skill level 10 in Fighting
 12780 | Lair:2   | Noticed a boulder beetle
 12974 | Lair:2   | Killed a boulder beetle
 13191 | Lair:2   | Reached skill level 5 in Invocations
 13327 | Lair:2   | Reached skill level 11 in Fighting
 13329 | Lair:2   | Noticed a bog body
 13353 | Lair:2   | Killed a bog body
 13372 | Lair:2   | Noticed a bog body
 13398 | Lair:2   | Killed a bog body
 13401 | Lair:2   | Noticed a bog body
 13413 | Lair:2   | Killed a bog body
 13588 | Lair:2   | Found a staircase to the Swamp.
 14155 | Lair:3   | Noticed an eight-headed hydra
 14167 | Lair:2   | Reached XP level 12. HP: 68/111 MP: 8/15
 14390 | Lair:3   | Identified the +0 cloak "Xasitrivue" {rF+ MP+9 Stlth-}
                  | (Okawaru gifted it to you on level 3 of the Lair of Beasts)
 14390 | Lair:3   | Received a gift from Okawaru
 14495 | Lair:3   | Reached skill level 12 in Fighting
 14545 | Lair:3   | Killed an eight-headed hydra
 14764 | Lair:3   | Reached skill level 5 in Stealth
 15215 | Lair:3   | You are sucked into a shaft and drop 2 floors!
 15215 | Lair:5   | Entered Level 5 of the Lair of Beasts
 15318 | Lair:5   | Noticed a seven-headed hydra
 15328 | Lair:5   | Killed a seven-headed hydra
 15498 | Lair:5   | Reached skill level 13 in Fighting
 15512 | Lair:5   | Noticed an eight-headed hydra
 15524 | Lair:5   | Killed an eight-headed hydra
 15902 | Lair:5   | Reached ****** piety under Okawaru
 16146 | Lair:5   | Reached skill level 14 in Fighting
 16179 | Lair:5   | Received a gift from Okawaru
 16180 | Lair:5   | Reached XP level 13. HP: 115/124 MP: 14/17
 16267 | Lair:5   | Found a corrupted altar of Lugonu.
 16267 | Lair:5   | Found a one-way gate to the infinite horrors of the Abyss.
 16736 | Lair:5   | Reached skill level 10 in Armour
 16943 | Lair:5   | Received a gift from Okawaru
 16975 | Lair:4   | Reached skill level 15 in Fighting
 18380 | Lair:4   | Reached skill level 10 in Dodging
 18572 | Lair:4   | Found a staircase to the Slime Pits.
 18572 | Lair:4   | Found a viscous altar of Jiyva.
 18582 | Lair:4   | Received a gift from Okawaru
 18906 | Lair:4   | Reached skill level 16 in Fighting
 18950 | Lair:4   | Noticed Urug
 18979 | Lair:4   | Killed Urug
 19557 | Lair:3   | Found a hole to the Spider Nest.
 20038 | Swamp:1  | Entered Level 1 of the Swamp
 20050 | Swamp:1  | Noticed a bunyip
 20069 | Swamp:1  | Killed a bunyip
 20070 | Swamp:1  | Reached XP level 14. HP: 67/138 MP: 19/19
 20991 | Swamp:1  | Identified the +1 quarterstaff "Nanibap" {vamp, Drain rF++
                  | Will+ Int+2}
 21513 | Swamp:1  | Received a gift from Okawaru
 21514 | Swamp:1  | Reached skill level 17 in Fighting
 21669 | Swamp:2  | Mangled by an alligator

Illustrated notes

Levels and vault maps discovered:
D:1:      kb_arrival_jail, layout_basic, serial_shops, nicolae_shop_crystal
D:2:      layout_basic, uniq_natasha, uniq_crazy_yiuf_cottage
D:3:      layout_loops_ring, ashenzari_conservatory_becter,
          mainiacjoe_overflow_boulevard, gammafunk_ghost_cemetery,
          chequers_hall_statues_corner_a
D:4:      layout_basic, trog_antimagical,
          nicolae_hepliaklqana_monster_ancestors, nrook_loot_triangle,
          nicolae_zen_rock_garden, minmay_shop_grid_forest
D:5:      layout_loops_cross
D:6:      layout_cave_pools, gammafunk_temple_overflow_forgotten,
          mainiacjoe_overflow_alcove_1, nicolae_wooded_promenade
D:7:      minmay_bubble_buster, layout_loops_cross,
          minmay_temple_entry_butterflies, serial_shops, shop
D:8:      layout_basic, lightli_bailey_entry_fortress
D:9:      layout_small_grid, erik_lair_island
D:10:     layout_stronghold, gammafunk_ghost_hydra_chop, serial_column_ruins,
          column_ruins_grid_4, column_ruins_corridor_water,
          column_ruins_corridor_T, column_ruins_open_tiny,
          column_ruins_columns_straight, column_ruins_open_tiny,
          column_ruins_open_tiny, uniq_fannar
Temple:   eino_temple_water
Lair:1:   layout_loops_ring, basic_altar
Lair:2:   layout_long_grid, nicolae_swamp_entry_splash_gauntlet, worms_lemuel
Lair:3:   layout_regular_city, nicolae_spider_entry_lesser_pyramids,
          serial_bayou_pond_a, grunt_megastairs_5, serial_bayou_shore_b,
          infiniplex_staircase_pool_2
Lair:4:   hellmonk_destroyed_diamonds, layout_cave_shapes, slime_entry_1,
          kilobyte_rumbling_trees, uniq_urug
Lair:5:   hellmonk_lair_end_abyssal_woods, layout_big_grid,
          bh_autumn_forest_stairs, st_stairs_9,
          eino_small_chamber_without_monster, grunt_megastairs_1
Swamp:1:  layout_basic_swamp, serial_swamp_ruin, evilmike_swamp_ruin_house_2,
          evilmike_swamp_ruin_house_6
Swamp:2:  layout_basic_swamp, evilmike_swamp_ruin_wall

Skill      XL: |  1  2  3  4  5  6  7  8  9 10 11 12 13 14 |
---------------+-------------------------------------------+-----
Long Blades    | 4 5 |  5.8
Fighting       | 4 5 6 7 8 9 11 14 16 17 | 17.2
Armour         | 1 2 3 4 5 6 8 9 10 11 | 11.2
Dodging        | 4 5 7 8 10 | 10.7
Stealth        | 2 3 4 5 |  5.6
Polearms       | 1 3 5 8 10 11 12 | 12.0
Shields        | 2 4 5 8 |  8.0
Invocations    | 2 3 5 7 8 9 |  9.1
Throwing       | |  0.1

Action                   |  1- 3 |  4- 6 |  7- 9 | 10-12 | 13-15 || total
-------------------------+-------+-------+-------+-------+-------++-------
Melee: Falchion          |    71 |    55 |       |       |       ||   126
       Headbutt          |     7 |    17 |    41 |   130 |   143 ||   338
       Spear             |       |    68 |   358 |   658 |   533 ||  1617
       Long sword        |       |       |       |       |     4 ||     4
Throw: Stone             |       |       |     1 |     1 |       ||     2
  Use: Scroll            |       |       |    14 |     2 |     1 ||    17
       Potion            |       |       |     3 |     1 |     3 ||     7
 Stab: Sleeping          |     2 |     2 |     6 |     3 |     3 ||    16
       Distracted        |       |     1 |       |     1 |     2 ||     4
Armor: Robe              |    10 |       |       |       |       ||    10
       Ring mail         |     9 |    23 |    58 |   153 |   121 ||   364
Dodge: Dodged            |    45 |    65 |    88 |   239 |   198 ||   635
Block: Kite shield       |       |     7 |   106 |   287 |   204 ||   604

Table legend: (Time is in decaauts)
 A = Elapsed time spent in this place.
 B = Non-inter-level travel time spent in this place.
 C = Inter-level travel time spent in this place.
 D = Time resting spent in this place.
 E = Time spent auto-exploring this place.
 F = Levels seen in this place.
 G = Mean time per level.
                   A        B        C        D        E       F      G
               +--------+--------+--------+--------+--------+-----+--------+
         Total |  21300 |  19214 |   2086 |   4580 |  10833 |  19 | 1121.1 |
       Dungeon |  10331 |   8648 |   1683 |   1760 |   5102 |  10 | 1033.1 |
        Temple |    317 |    290 |     27 |      0 |    276 |   1 |  317.0 |
          Lair |   8179 |   7837 |    342 |   1804 |   4687 |   5 | 1635.8 |
         Swamp |   1434 |   1400 |     34 |    480 |    704 |   2 |  717.0 |
        Bailey |   1038 |   1038 |      0 |    536 |     64 |   1 | 1038.0 |
               +--------+--------+--------+--------+--------+-----+--------+

Top non-repeatable levels by time:
  Lair:5: 2827 daAuts
  Lair:2: 1888 daAuts
     D:7: 1701 daAuts
     D:2: 1602 daAuts
 Swamp:1: 1393 daAuts
  Lair:3: 1392 daAuts
  Lair:4: 1272 daAuts
     D:9: 1208 daAuts
     D:4: 1179 daAuts
     D:6: 1042 daAuts
  Bailey: 1038 daAuts
     D:8: 1003 daAuts
     D:1: 907 daAuts
     D:5: 867 daAuts
     D:3: 804 daAuts
